 Dungeon Crawl Stone Soup version 0.19.0-2-gae57169 (webtiles) character file.

185 lorenzova the Conjurer (level 5, -1/28 HPs)
             Began as a Deep Elf Conjurer on Nov 6, 2016.
             Slain by Grinder (5 damage)
             ... on level 3 of the Dungeon.
             The game lasted 00:08:54 (3485 turns).

lorenzova the Conjurer (Deep Elf Conjurer)          Turns: 3485, Time: 00:08:56

Health: -1/28      AC:  2    Str:  5    XL:     5   Next: 37%
Magic:  0/15       EV: 13    Int: 21    God:
Gold:   150        SH:  0    Dex: 15    Spells: 2 memorised, 10 levels left

rFire  . . .     SeeInvis .     m - +0 short sword
rCold  . . .     Gourm    .     a - +0 robe
rNeg   . . .     Faith    .     (no shield)
rPois  .         Spirit   .     (no helmet)
rElec  .         Reflect  .     (no cloak)
rCorr  .         Harm     .     (no gloves)
MR     .....                    (no boots)
Stlth  +++.......               (no amulet)
                                (no ring)
                                t - ring of stealth

@: very slightly contaminated
A: no striking features
a: no special abilities


You were on level 3 of the Dungeon.
You were very hungry.

You visited 1 branch of the dungeon, and saw 4 of its levels.

You collected 150 gold pieces.

Inventory:

Hand Weapons
 m - a +0 short sword (weapon)
Armour
 a - a +0 robe (worn)
Jewellery
 t - a ring of stealth (left hand)
Scrolls
 d - 2 scrolls of identify {unknown}
 f - a scroll of recharging {unknown}
 g - 3 scrolls of teleportation {unknown}
 h - 2 scrolls of fog {unknown}
 i - a scroll of blinking {unknown}
 j - 3 scrolls of remove curse {unknown}
 n - a scroll of random uselessness {unknown}
 o - 2 scrolls of magic mapping {unknown}
 q - a scroll of enchant armour {unknown}
 r - a scroll of enchant weapon {unknown}
Potions
 e - a potion of mutation {unknown}
 s - a potion of curing {unknown}
 u - a potion of flight {unknown}
 v - a potion of heal wounds {unknown}
Books
 b - a book of Conjurations

   Spells                             Type                      Level
   a - Magic Dart                     Conjuration                  1
   b - Searing Ray                    Conjuration                  2
   c - Dazzling Spray                 Conjuration/Hexes            3
   d - Fulminant Prism                Conjuration/Hexes            4
   e - Iskenderun's Mystic Blast      Conjuration                  4
   f - Iskenderun's Battlesphere      Conjuration/Charms           5
Comestibles
 c - 2 bread rations
 k - 3 meat rations
 l - 2 beef jerkies
 p - 4 fruits


   Skills:
 - Level 2.4 Dodging
 - Level 2.4 Stealth
 + Level 5.6 Spellcasting
 + Level 6.1 Conjurations


You had 10 spell levels left.
You knew the following spells:

 Your Spells              Type           Power        Failure   Level  Hunger
a - Magic Dart            Conj           ####         1%          1    None
b - Iskenderun's Mystic   Conj           ####....     10%         4    ####...


Dungeon Overview and Level Annotations

Branches:
Dungeon (4/15)
 Temple: D:4-7

Altars:
Ashenzari
Fedhas
Trog
Uskayaw

Annotations:
D:3 Grinder
D:4 Eustachio


Message History

Press: ? - help, Shift-Dir - straight line, f - Grinder
Aim: Grinder The orb of energy hits Grinder.
Grinder is moderately wounded.
The orb of energy explodes!
You are feeling very hungry.
Grinder barely misses you.
Unknown command.
Casting: Iskenderun's Mystic Blast
Confirm with . or Enter, or press ? or * to list all spells.
Aiming: Iskenderun's Mystic Blast
Press: ? - help, Shift-Dir - straight line, f/p - Grinder
Aim: Grinder (moderately wounded)
You miscast Iskenderun's Mystic Blast.
You are very lightly contaminated with residual magic.
You are momentarily dazzled by a flash of light!
Grinder hits you.
* * * LOW HITPOINT WARNING * * *
You writhe in agony.
You die...

.#..# ############### ##_##
#.......#.....# ###
#.......#...#.# #.......#...#.#
#............(#
#.......#.###########
#.......#............
#.........########### #.).@..####
# #############..5...# #
...............##### #
.).............# #########
...............##### #........
...............#...####..........
...............'...'..........ol5
...............#...####..........
...............#...# #.........


You could see Grinder.

Vanquished Creatures
  An orc wizard (D:4)
  A worker ant (D:4)
  A hound skeleton (D:4)
  2 adders
  An ooze (D:1)
  An adder skeleton (D:4)
  5 worms
  2 dart slugs (D:1)
  2 leopard geckos (D:4)
  3 orcs (D:4)
  4 ball pythons
  4 bats
  4 giant cockroaches
  4 goblins
  8 hobgoblins
  7 jackals
  A quokka (D:3)
  6 frilled lizards
  14 kobolds
  4 rats
75 creatures vanquished.

Notes
Turn   | Place    | Note
-------+----------+-------------------------------------------
     0 | D:1      | lorenzova the Deep Elf Conjurer began the quest for the Orb.
     0 | D:1      | Reached XP level 1. HP: 10/10 MP: 6/6
   245 | D:1      | Reached XP level 2. HP: 15/15 MP: 4/8
   914 | D:1      | Reached skill level 5 in Conjurations
  1164 | D:2      | Reached XP level 3. HP: 19/19 MP: 8/10
  1616 | D:2      | Found a blossoming altar of Fedhas.
  1927 | D:2      | Reached XP level 4. HP: 24/24 MP: 8/12
  1960 | D:2      | Learned a level 4 spell: Iskenderun's Mystic Blast
  2296 | D:3      | Found a bloodstained altar of Trog.
  2527 | D:3      | Noticed Grinder
  2889 | D:3      | Found a shattered altar of Ashenzari.
  2897 | D:3      | Found a hide-covered altar of Uskayaw.
  3061 | D:4      | Reached skill level 5 in Spellcasting
  3150 | D:4      | Reached skill level 6 in Conjurations
  3150 | D:4      | Reached XP level 5. HP: 24/28 MP: 1/14
  3442 | D:4      | Noticed Eustachio
  3471 | D:3      | Paralysed by Grinder for 7 turns
  3480 | D:3      | Paralysed by Grinder for 2 turns
  3485 | D:3      | Slain by Grinder

Skill      XL: |  1  2  3  4 |
---------------+-------------+-----
Spellcasting   | 4 5 |  5.6
Conjurations   | 5 6 |  6.1
Dodging        | |  2.4
Stealth        | |  2.4

Action                   |  1- 3 |  4- 6 || total
-------------------------+-------+-------++-------
 Cast: Magic Dart        |    84 |    81 ||   165
       Iskenderun's Myst |       |     4 ||     4
  Eat: Chunk             |     2 |     5 ||     7
Armor: Robe              |       |     3 ||     3
Dodge: Dodged            |     4 |    11 ||    15
